 Dungeon Crawl Stone Soup version 0.25-a0-404-gc1b5a34 (webtiles) character file.

Game seed: 16482716839760414773, levelgen mode: deterministic

281 BlueFish the Insei (level 6, -4/38 HPs)
             Began as an Octopode Transmuter on Jan 11, 2020.
             Killed from afar by Natasha (7 damage)
             ... with a puff of flame
             ... on level 4 of the Dungeon.
             The game lasted 00:09:49 (3112 turns).

BlueFish the Insei (Octopode Transmuter)            Turns: 3112, Time: 00:09:50

Health: -4/38      AC:  3    Str: 11    XL:     6   Next: 27%
Magic:  10/10      EV: 14    Int: 15    God:
Gold:   175        SH:  0    Dex: 13    Spells: 5/11 levels left

rFire    . . .     SeeInvis .     - Unarmed
rCold    . . .     Gourm    .   (no shield)
rNeg     . . .     Faith    .   f - +2 hat
rPois    .         Spirit   .   (no amulet)
rElec    .         Reflect  .   (no ring)
rCorr    .         Harm     .   (no ring)
MR       .....                  (no ring)
Stlth    +++.......             (no ring)
HPRegen  0.12/turn              (no ring)
MPRegen  0.12/turn              (no ring)
                                (no ring)
                                (no ring)

@: no status effects
A: almost no armour, stealthy swim, amphibious, 8 rings, constrict 8, camouflage
1, gelatinous body 1
a: no special abilities


You were on level 4 of the Dungeon.
You were hungry.

You visited 1 branch of the dungeon, and saw 4 of its levels.

You collected 175 gold pieces.

Inventory:

Missiles
 a - 33 arrows
Armour
 f - a +2 hat (worn)
Wands
 i - a wand of disintegration (18)
Scrolls
 e - a scroll of remove curse
 m - a scroll of amnesia
 o - a scroll of magic mapping {unknown}
 q - 3 scrolls of blinking {unknown}
Potions
 b - a potion of brilliance
 d - a potion of flight
 g - 4 potions of curing
 h - 3 potions of heal wounds
 j - a potion of berserk rage {unknown}
 k - a potion of agility {unknown}
 n - a potion of lignification {unknown}
 p - a potion of might {unknown}
Comestibles
 c - 11 rations
 l - 3 chunks of flesh


   Skills:
 + Level 1.3 Fighting
 + Level 2.7 Dodging
 + Level 2.7 Stealth
 + Level 4.5 Unarmed Combat
 + Level 3.0 Spellcasting
 + Level 2.8 Transmutations
 * Level 2.4 Poison Magic


You had 5 spell levels left.
You knew the following spells:

 Your Spells              Type           Power        Failure   Level  Hunger
a - Beastly Appendage     Tmut           ##....       6%          1    #......
b - Sticks to Snakes      Tmut           ##......     10%         2    ##.....
c - Spider Form           Tmut/Pois      ##........   21%         3    ###....

Your spell library contained the following spells:

 Spells                   Type           Power        Failure   Level  Hunger
 Ice Form                 Ice/Tmut       #.......     73%         4    #####..
 Blade Hands              Tmut           ##........   86%         5    ######.


Dungeon Overview and Level Annotations

Branches:
Dungeon (4/15)
 Temple: D:4-7

Altars:
Cheibriados
Dithmenos
Elyvilon
Makhleb
Nemelex Xobeh
Xom

Annotations:
D:4 Natasha


Innate Abilities, Weirdness & Mutations

You cannot wear most types of armour.
You are very stealthy in the water. (Stealth+)
You are amphibious.
You can wear up to eight rings at the same time.
You can use your tentacles to constrict eight enemies at once.
Your skin changes colour to match your surroundings (Stealth+).
Your rubbery body absorbs attacks. (AC +1, EV +1)


Message History

Your +2 hat unmelds from your body.
Some of the chunks of flesh in your inventory have rotted away.
An ogre comes into view. It is wielding a +0 giant club.
Natasha, Servant of Life and Death comes into view.
She is carrying a wand of flame (9).
Natasha hisses angrily.
Natasha barely misses you.
You are feeling hungry.
Natasha claws you!
Natasha zaps a wand.
The puff of flame hits you.
Natasha wildly gestures.
Natasha shimmers violently.
Natasha zaps a wand.
The puff of flame misses you.
Found a ration.
The ogre hits you with a +0 giant club!
* * * LOW HITPOINT WARNING * * *
Natasha stares at you and mumbles some strange words.
The magic dart hits you.
* * * LOW HITPOINT WARNING * * *
Natasha zaps a wand.
The puff of flame hits you!
You die...

#..###.# %.
#...##.# #.
#.#.##÷# #.##
#.#.##.# ..#
#......# #.#
###.#### #.####
#.#
#....#######(#
####..OS.@......#
#÷.#....#########
#..#h####
####+####'#.#
............#
............#
...........##
####'####'##
#..÷..#..#


You could see an ogre, Natasha and a ball python.

Vanquished Creatures
  A howler monkey (D:4)
  Ijyb (D:3)
  Natasha (D:4)
  2 worker ants (D:4)
  6 adders
  A shadow imp (D:2)
  An ooze (D:3)
  A worm (D:3)
  4 dart slugs
  4 giant cockroaches
  9 goblins
  8 hobgoblins
  3 jackals
  A quokka (D:3)
  11 bats
  3 frilled lizards
  11 kobolds
  3 rats
71 creatures vanquished.

Notes
Turn   | Place    | Note
-------+----------+-------------------------------------------
     0 | D:1      | BlueFish the Octopode Transmuter began the quest for the
                  | Orb.
     0 | D:1      | Reached XP level 1. HP: 13/13 MP: 3/3
   226 | D:1      | Reached XP level 2. HP: 13/18 MP: 3/5
   230 | D:1      | Learned a level 2 spell: Sticks to Snakes
   627 | D:1      | Reached XP level 3. HP: 23/23 MP: 4/6
   632 | D:1      | Learned a level 3 spell: Spider Form
  1666 | D:2      | Reached XP level 4. HP: 23/28 MP: 5/7
  1755 | D:2      | Reached skill level 1 in Poison Magic
  2067 | D:3      | Found a white marble altar of Elyvilon.
  2068 | D:3      | Found a burning altar of Makhleb.
  2068 | D:3      | Found a sparkling altar of Nemelex Xobeh.
  2068 | D:3      | Found a snail-covered altar of Cheibriados.
  2075 | D:3      | Found a shadowy altar of Dithmenos.
  2075 | D:3      | Found a shimmering altar of Xom.
  2183 | D:3      | Reached skill level 4 in Unarmed Combat
  2206 | D:3      | Reached skill level 1 in Stealth
  2539 | D:3      | Noticed Ijyb
  2551 | D:3      | Killed Ijyb
  2551 | D:3      | Reached XP level 5. HP: 32/33 MP: 5/8
  2834 | D:4      | Noticed Natasha
  2840 | D:4      | Killed Natasha
  3065 | D:4      | Reached XP level 6. HP: 27/38 MP: 6/10
  3094 | D:4      | Noticed Natasha
  3112 | D:4      | Killed from afar by Natasha

Levels and vault maps discovered:
D:1:      elethiomel_arrival_infinity_welcomes_careful_drivers,
          layout_loops_ring, st_stairs_8, minmay_three_crescents
D:2:      layout_basic, first_ration
D:3:      layout_basic, minmay_overflow_temple_hex, uniq_ijyb
D:4:      layout_loops_cross, minmay_snake_closets, uniq_natasha

Skill      XL: |  1  2  3  4  5 |
---------------+----------------+-----
Poison Magic   | 1 2 |  2.4
Unarmed Combat | 4 |  4.5
Stealth        | 1 2 |  2.7
Spellcasting   | 3 |  3.0
Fighting       | |  1.3
Dodging        | |  2.7
Transmutations | |  2.8

Action                   |  1- 3 |  4- 6 || total
-------------------------+-------+-------++-------
Melee: Unarmed           |   103 |    79 ||   182
       Constrict         |    27 |    10 ||    37
       Kick              |    18 |    10 ||    28
       Tentacles         |    15 |     3 ||    18
       Punch             |     3 |     1 ||     4
 Cast: Beastly Appendage |    23 |    10 ||    33
       Spider Form       |       |     7 ||     7
  Use: Scroll            |     2 |    10 ||    12
       Potion            |       |     1 ||     1
 Stab: Sleeping          |     6 |     4 ||    10
  Eat: Chunk             |     3 |     5 ||     8
Armor: Skin              |    12 |     9 ||    21
Dodge: Dodged            |    71 |    67 ||   138

Table legend:
 A = Non-vault XP
 B = Vault XP
 C = Vault XP percentage of total XP
 D = Non-vault monster count
 E = Vault monster count
 F = Vault count percentage of total count
                 A         B        C        D         E       F
            +---------+---------+-------+---------+---------+-------
      Total |     288 |     114 |  28.4 |      58 |      13 |  18.3
            +---------+---------+-------+---------+---------+-------
        D:1 |      42 |      15 |  26.3 |      21 |       9 |  30.0
        D:2 |      45 |       0 |   0.0 |      14 |       0 |   0.0
        D:3 |      62 |      36 |  36.7 |      18 |       1 |   5.3
        D:4 |     139 |      63 |  31.2 |       5 |       3 |  37.5
            +---------+---------+-------+---------+---------+-------
